 Dungeon Crawl Stone Soup version 0.22.1-2-g9c5b331383 (webtiles) character file.

81 H0rd4k the Charlatan (level 4, 0/32 HPs)
             Began as a Human Artificer on Dec 23, 2018.
             Slain by an orc
             ... wielding a +0 falchion
              (3 damage)
             ... on level 2 of the Dungeon.
             The game lasted 00:04:03 (2856 turns).

H0rd4k the Charlatan (Human Artificer)              Turns: 2856, Time: 00:04:04

Health: 0/32       AC:  3    Str: 13    XL:     4   Next: 68%
Magic:  6/6        EV: 12    Int: 12    God:
Gold:   45         SH:  0    Dex: 13    Spells: 3/3 levels left

rFire    . . .     SeeInvis .   a - +0 short sword
rCold    . . .     Gourm    .   (no shield)
rNeg     . . .     Faith    .   b - +0 leather armour
rPois    .         Spirit   .   (no helmet)
rElec    .         Reflect  .   (no cloak)
rCorr    .         Harm     .   (no gloves)
MR       .....                  (no boots)
Stlth    ++........             (no amulet)
HPRegen  0.10/turn              (no ring)
MPRegen  0.10/turn              (no ring)

@: no status effects
A: no striking features
a: no special abilities


You were on level 2 of the Dungeon.
You were hungry.

You visited 1 branch of the dungeon, and saw 3 of its levels.

You collected 45 gold pieces.

Inventory:

Hand Weapons
 a - a +0 short sword (weapon)
Missiles
 i - 64 arrows
 r - 12 sling bullets
Armour
 b - a +0 leather armour (worn)
Wands
 c - a wand of flame (12)
 d - a wand of enslavement (15)
 e - a wand of random effects (13)
Scrolls
 g - 2 scrolls of remove curse {unknown}
 h - 2 scrolls of identify {unknown}
 j - 3 scrolls of fear {unknown}
 n - 2 scrolls of teleportation {unknown}
 o - a scroll of enchant armour {unknown}
 q - a scroll of magic mapping {unknown}
 t - a scroll of random uselessness {unknown}
Potions
 k - a potion of curing {unknown}
 l - 2 potions of flight {unknown}
 m - 2 potions of haste {unknown}
 p - a potion of ambrosia {unknown}
 s - a potion of brilliance {unknown}
Comestibles
 f - 5 rations


   Skills:
 + Level 1.4 Fighting
 + Level 1.9 Short Blades
 + Level 1.5 Armour
 + Level 2.4 Dodging
 + Level 1.7 Stealth
 + Level 3.5 Evocations


You had 3 spell levels left.
You didn't know any spells.
Your spell library was empty.

Dungeon Overview and Level Annotations

Branches:
Dungeon (3/15)

Altars:
Gozag
Nemelex Xobeh

Annotations:
D:2 1 runed door


Message History

Press: ? - help, Shift-Dir - straight line, f - orc
Aim: an orc, wielding a falchion and wearing a leather armour The orc looks slightly unstable.
The orc closely misses you. The orc hits you with a falchion.
* * * LOW HITPOINT WARNING * * *
You see here a club.
There is a stone staircase leading up here.
The orc barely misses you.
You climb upwards.
Level annotation: 1 runed door
There is a stone staircase leading down here.
You completely miss the orc. The orc hits you with a falchion.
* * * LOW HITPOINT WARNING * * *
You hit the orc but do no damage. The orc hits you with a falchion.
* * * LOW HITPOINT WARNING * * *
You hit the orc.
The orc is moderately wounded.
The orc hits you with a falchion.
You die...

#.#.#..####..#####.#.##
#.#.#..# #..## #.###.#
#.#.#..####...####.#.##
#.#.......#.......#.##
.......#......###.#.#
#.....##..........#.#
...........#####..#.#
#.#######..# #..#.#
#.#######..#####@o#.#
#......##.........#.#
..................#.#
######.##..#........#
#.##..#####..#.#
#.##..# #..#.#
#.##..#####..#.# #
#.##.........#.# #
#.....######.#.#


You could see an orc.

Vanquished Creatures
  An adder (D:2)
  2 worms (D:2)
  A leopard gecko (D:1)
  11 orcs
  2 ball pythons (D:2)
  6 bats
  4 giant cockroaches (D:1)
  4 hobgoblins
  2 quokkas (D:2)
  5 frilled lizards
  5 goblins
  3 kobolds
  5 rats
51 creatures vanquished.

Notes
Turn   | Place    | Note
-------+----------+-------------------------------------------
     0 | D:1      | H0rd4k the Human Artificer began the quest for the Orb.
     0 | D:1      | Reached XP level 1. HP: 15/15 MP: 3/3
   134 | D:1      | Reached XP level 2. HP: 19/21 MP: 4/4
   798 | D:1      | Reached XP level 3. HP: 26/26 MP: 5/5
  1147 | D:2      | HP: 1/26 [hobgoblin (5)]
  1541 | D:2      | Found a sparkling altar of Nemelex Xobeh.
  1541 | D:2      | Found an opulent altar of Gozag.
  1651 | D:2      | Reached XP level 4. HP: 32/32 MP: 6/6
  1715 | D:2      | Reached skill level 1 in Armour
  1741 | D:2      | Found a runed door.
  2856 | D:2      | Slain by an orc

Skill      XL: |  1  2  3  4 |
---------------+-------------+-----
Armour         | 1 |  1.5
Fighting       | |  1.4
Short Blades   | |  1.9
Dodging        | |  2.4
Stealth        | |  1.7
Evocations     | |  3.5

Action                   |  1- 3 |  4- 6 || total
-------------------------+-------+-------++-------
Melee: Short sword       |   128 |   105 ||   233
Evoke: Wand              |     3 |     2 ||     5
 Stab: Sleeping          |     5 |     1 ||     6
  Eat: Chunk             |     2 |       ||     2
       Ration            |       |     1 ||     1
Armor: Leather armour    |    30 |     7 ||    37
Dodge: Dodged            |    89 |    53 ||   142
